 Dungeon Crawl Stone Soup version 0.29-a0-732-g3d7fbe0af2 (webtiles) character file.

Game seed: 10530606613474929199

2 zeratav the Cutter (level 1, -2/11 HPs)
             Began as a Vine Stalker Gladiator on June 29, 2022.
             Slain by a kobold
             ... wielding a +0 short sword
              (4 damage)
             ... on level 1 of the Dungeon.
             The game lasted 00:00:11 (34 turns).

zeratav the Cutter (Vine Stalker Gladiator)           Turns: 34, Time: 00:00:11

Health: -2/11      AC:  4    Str: 16    XL:     1   Next: 40%
Magic:  0/2        EV: 12    Int:  8    God:
Gold:   0          SH:  0    Dex: 15    Spells: 0/0 levels left

rFire   . . .      SeeInvis .   a - +0 rapier {short}
rCold   . . .      Faith    .   (no shield)
rNeg    . . .      Spirit   +   b - +0 leather armour
rPois   .          Reflect  .   c - +0 helmet
rElec   .          Harm     .   (no cloak)
rCorr   .          Rampage  .   (no gloves)
Will    .....                   (no boots)
Stlth   +.........              (no amulet)
HPRegen 0.03/turn               (no ring)
MPRegen 0.08/turn               (no ring)

@: no status effects
A: fangs 2, magic shield, antimagic bite, no potion heal 2
a: no special abilities


You were on level 1 of the Dungeon.
You visited 1 branch of the dungeon, and saw 1 of its levels.


Innate Abilities, Weirdness & Mutations

You have extremely sharp teeth.
When hurt, damage is shared between your health and your magic reserves.
Your bite disrupts and absorbs the magic of your enemies.
Potions cannot restore your health.


   Skills:
 - Level 1.7 Fighting
 + Level 2.9 Short Blades
 - Level 1.7 Throwing
 - Level 2.4 Dodging


You couldn't memorise any spells.
You didn't know any spells.
Your spell library was empty.

Inventory:

Hand Weapons
 a - a +0 rapier (weapon) {short}
Missiles
 d - 3 throwing nets (quivered) {=fthrowing}
 e - a javelin {throwing}
Armour
 b - a +0 leather armour (worn)
 c - a +0 helmet (worn)

Dungeon Overview and Level Annotations

Branches:
Dungeon (1/15) Zot: 5963

Altars:

.... ...(...⌠. !..)...#
.#..#._..##...##..#
........∩..... ...
..#..#......####..
..[..........)...#
..$........#[# #.#
.............# #@#
......r!.g.r.# #K#
..>).....#<#.###l#
.........###lK.rg#
.....................#
.........####........#
..........##.........#
.....................#
.......#.##.##.........


You could see a goblin, a kobold, a frilled lizard and a rat.


Message History

🤖 Initializing magus.rc ...
Bad channel name for runrest: 'pray:' ✅ Successfully initialized magus.rc [v1.9.6] Welcome, zeratav the Vine Stalker Gladiator.
The legendary Orb of Zot lies far below, as if waiting for you to find it.
Press ? for a list of commands and other information.
Found 2 fuming grey potions, a robe and a dagger.
Found a faded altar of an unknown god.
Found a staircase leading out of the dungeon.
Found a stone staircase leading down.
A goblin comes into view. It is wielding a +0 dagger.
The goblin shouts!
You hear a shout!
You see here 2 fuming grey potions.
A goblin is nearby!
A goblin comes into view. It is wielding a +0 dagger.
The goblin moves out of view.
The goblin shouts!
You hear a shout!
You hear an angry hiss. x2
A rat comes into view.
A goblin comes into view. It is wielding a +0 club.
The goblin hits you with a +0 dagger.
MP[-1]
You lost 1 mp, and now have 1/2 mp.
You hit the goblin. Your bite misses the goblin. The goblin closely misses you.
You hit the goblin. Your bite misses the goblin. The goblin barely misses you.
You closely miss the goblin. You bite the goblin, but do no damage.
The goblin hits you with a +0 dagger.
A frilled lizard comes into view.
HP[-1]
You take 1 damage, and now have 10/11 hp.
You hit the goblin but do no damage. The goblin hits you but does no damage.
The goblin closely misses you.
You hit the goblin.
You kill the goblin!
The goblin hits you with a +0 dagger.
HP[-3]
You take 3 damage, and now have 7/11 hp.
MASSIVE DAMAGE!! (PAUSE)
You closely miss the goblin. Your bite misses the goblin.
A kobold comes into view. It is wielding a +0 short sword.
The rat bites you.
HP[-1]
You take 1 damage, and now have 6/11 hp.
You closely miss the rat. The rat closely misses you.
The goblin barely misses you.
A rat comes into view.
The goblin hits you but does no damage.
You barely miss the rat. The rat bites you.
* * * LOW HITPOINT WARNING * * *
The goblin hits you but does no damage. The goblin hits you with a +0 dagger.
* * * LOW HITPOINT WARNING * * *
A dart slug comes into view.
You are too injured to fight recklessly!
You are too injured to fight recklessly!
You are too injured to fight recklessly!
HP[-4]
You take 4 damage, and now have 2/11 hp.
MASSIVE DAMAGE!! (PAUSE)
You are too injured to fight recklessly!
You are too injured to fight recklessly!
You are too injured to fight recklessly!
You are too injured to fight recklessly!
You are too injured to fight recklessly!
You are too injured to fight recklessly!
You are too injured to fight recklessly!
You are too injured to fight recklessly!
You are too injured to fight recklessly!
You are too injured to fight recklessly!
You are too injured to fight recklessly!
You are too injured to fight recklessly!
There are monsters nearby!
The goblin attacks as you move away! The goblin closely misses you.
The goblin hits you with a +0 dagger.
* * * LOW HITPOINT WARNING * * *
HP[-1]
You take 1 damage, and now have 1/11 hp.
The goblin attacks as you move away! The goblin hits you but does no damage.
The goblin attacks as you move away! The goblin closely misses you.
The rat attacks as you move away! The rat bites you but does no damage.
MP[+1]
Your mp is fully restored (2).
The goblin attacks as you move away! The goblin hits you but does no damage.
The goblin attacks as you move away! The goblin barely misses you.
The rat attacks as you move away! The rat barely misses you.
You hit the rat. The rat barely misses you.
You hit the rat.
You kill the rat!
The goblin hits you with a +0 dagger.
You see here a scroll labelled GYQITW NAABORIWEI.
MP[-1]
You lost 1 mp, and now have 1/2 mp.
The goblin attacks as you move away! The goblin closely misses you.
The goblin attacks as you move away! The goblin closely misses you.
The goblin attacks as you move away! The goblin hits you but does no damage.
You puncture the goblin!
You kill the goblin!
HP[+1]
You closely miss the kobold. The kobold hits you but does no damage.
You closely miss the kobold.
The kobold hits you with a +0 short sword.
You die...

Action                   || total
-------------------------++-------
Melee: Rapier            ||    13
       Bite              ||     1
Armor: Leather armour    ||     8
Dodge: Dodged            ||    12

Levels and vault maps discovered:
D:1:      saegor_arrival_simple_a, layout_rooms,
          ebering_ecumenical_altar_abandoned, minmay_quantized

Notes
Turn   | Place    | Note
-------+----------+-------------------------------------------
     0 | D:1      | zeratav the Vine Stalker Gladiator began the quest for the
                  | Orb.
     0 | D:1      | Reached XP level 1. HP: 11/11 MP: 2/2
     0 | D:1      | magus.rc [v1.9.6]
    14 | D:1      | HP: 2/11 [goblin/+0 dagger (2)]
    34 | D:1      | Slain by a kobold

Vanquished Creatures
  2 goblins (D:1)
  A rat (D:1)
3 creatures vanquished.

Table legend:
 A = Non-vault XP
 B = Vault XP
 C = Vault XP percentage of total XP
 D = Non-vault monster count
 E = Vault monster count
 F = Vault count percentage of total count
                 A         B        C        D         E       F
            +---------+---------+-------+---------+---------+-------
      Total |       4 |       0 |   0.0 |       3 |       0 |   0.0
            +---------+---------+-------+---------+---------+-------
        D:1 |       4 |       0 |   0.0 |       3 |       0 |   0.0
            +---------+---------+-------+---------+---------+-------

Illustrated notes

Table legend:
 A = Kills in this place as a percentage of kills in entire the game.
 B = Kills by you in this place as a percentage of kills by you in the entire game.
 C = Kills by friends in this place as a percentage of kills by friends in the entire game.
 D = Other kills in this place as a percentage of other kills in the entire game.
 E = Experience gained in this place as a percentage of experience gained in the entire game.
 F = Experience gained in this place divided by the number of levels of this place that you have seen.
                   A       B       C       D       E      F
               +-------+-------+-------+-------+-------+----------------------
         Total | 100.0 | 100.0 |   N/A |   N/A | 100.0 |   4.0
       Dungeon | 100.0 | 100.0 |   N/A |   N/A | 100.0 |   4.0
               +-------+-------+-------+-------+-------+----------------------

Table legend: (Time is in decaauts)
 A = Elapsed time spent in this place.
 B = Non-inter-level travel time spent in this place.
 C = Inter-level travel time spent in this place.
 D = Time resting spent in this place.
 E = Time spent auto-exploring this place.
 F = Levels seen in this place.
 G = Mean time per level.
                   A        B        C        D        E       F      G
               +--------+--------+--------+--------+--------+-----+--------+
         Total |     35 |     35 |      0 |      0 |      2 |   1 |   35.0 |
       Dungeon |     35 |     35 |      0 |      0 |      2 |   1 |   35.0 |
               +--------+--------+--------+--------+--------+-----+--------+

Top non-repeatable levels by time:
     D:1: 35 daAuts
